Flyers vs Penguins

Created - 14 mars 2017 at 19:03

Goals
1 2 3 T
Flyers 1 2 2 5
Penguins 2 2 0 4
Shots
1 2 3 T
Flyers 6 8 12 26
Penguins 12 10 10 32

1st period

1. Penguins , Nathan Horton 20 (Simon Gagné, Sam Gagner) at 6:55
2. Flyers , Alexei Morozov 26 (Matt Smaby) at 9:08
3. Penguins , Steven Stamkos 44 (Bobby Ryan) at 16:44 (PP)

Penalties :
Jonathan Ericsson (Phi) for Holding (Minor) at 9:59, Chris Kreider (Phi) for High sticking (Minor) at 16:25

2nd period

4. Flyers , Mats Zuccarello 14 (Matthew Lombardi) at 14:15
5. Flyers , Alexei Morozov 27 (Jonathan Ericsson) at 16:02 (PP)
6. Penguins , Josef Vasicek 11 (Luke Schenn) at 18:35
7. Penguins , Dustin Penner 12 (Brian McGrattan, Dion Phaneuf) at 19:33

Penalties :
Chris Kreider (Phi) for Roughing (Minor) at 3:38, Steve Sullivan (Pit) for Hooking (Minor) at 12:10, Luke Schenn (Pit) for Tripping (Minor) at 15:56

3rd period

8. Flyers , Jakub Voracek 22 (Matt Smaby, Kyle Wellwood) at 11:32
9. Flyers , Nathan Paetsch 2 (Jakub Voracek, Chris Kreider) at 17:04

Penalties :
Chris Kreider (Phi) for Holding (Minor) at 5:10

Goalie Stats

Cory Schneider (Phi), 28 saves from 32 shots - (0,875), W, 21-10-3, 60:00 minutes
Brian Elliott (Pit), 21 saves from 26 shots - (0,808), L, 35-10-2, 58:56 minutes

Players Stats for Flyers

Player Name              G  A  P  +/- PIM S  H  SB GA TA FO     MP     PP MP  PK MP  
------------------------------------------------------------------------------------
Alexei Morozov           2  0  2   1  0   2  1  0  0  2  0/1    21:01   1:05   0:00 
Brock Nelson             0  0  0  -1  0   0  0  0  0  0  0/1     9:09   0:00   0:45 
Chris Kreider            0  1  1   1  6   2  3  1  1  1  0/0    16:20   1:00   0:26 
Dany Heatley             0  0  0   1  0   5  2  0  3  0  1/2    21:01   1:05   0:00 
Jakub Voracek            1  1  2   1  0   4  1  2  1  0  0/1    15:32   1:00   0:00 
Jeff Carter              0  0  0   1  0   3  1  1  0  1  12/26  21:02   1:05   1:15 
Jeff O'Neill             0  0  0   0  0   0  4  0  0  0  1/4    10:12   0:00   1:50 
Jeff Woywitka            0  0  0  -2  0   0  1  1  0  2  0/0    26:32   1:22   3:35 
Jonathan Ericsson        0  1  1  -2  2   1  2  2  0  2  0/0    23:27   1:22   2:17 
Kyle Wellwood            0  1  1   1  0   1  2  0  1  0  6/10   15:32   1:00   0:00 
Mats Zuccarello          1  0  1  -1  0   1  0  0  2  0  0/1    12:04   0:00   3:15 
Matt Smaby               0  2  2   2  0   1  2  2  1  1  0/0    23:43   0:43   2:47 
Matthew Lombardi         0  1  1  -1  0   1  0  0  1  0  7/12   13:14   0:00   3:11 
Nathan Paetsch           1  0  1   1  0   1  1  2  0  0  0/0    11:53   0:00   0:54 
Pavel Kubina             0  0  0   2  0   0  5  1  0  1  0/0    20:20   0:43   0:00 
Rostislav Olesz          0  0  0   0  0   0  0  0  0  0  0/0    10:12   0:00   1:50 
Stefan Ruzicka           0  0  0   0  0   3  0  0  0  0  0/0     8:22   0:00   0:00 
Steve McCarthy           0  0  0   1  0   1  0  1  0  1  0/0    14:04   0:00   2:59 

Players Stats for Penguins

Player Name              G  A  P  +/- PIM S  H  SB GA TA FO     MP     PP MP  PK MP  
------------------------------------------------------------------------------------
Bobby Ryan               0  1  1  -4  0   9  1  0  2  0  2/3    22:39   3:12   0:32 
Brayden Schenn           0  0  0   0  0   1  0  0  0  1  1/2     8:43   0:05   1:06 
Brian McGrattan          0  1  1   2  0   1  2  0  0  1  1/1    12:32   0:13   0:00 
Derek Joslin             0  0  0  -1  0   0  0  0  0  1  0/0    11:54   0:00   0:00 
Dion Phaneuf             0  1  1  -2  0   3  2  1  0  0  0/0    28:00   3:34   1:09 
Duncan Keith             0  0  0   2  0   2  0  2  0  1  0/0    20:06   2:42   0:56 
Dustin Penner            1  0  1   2  0   1  0  0  3  0  0/0    13:06   0:13   0:34 
Josef Vasicek            1  0  1   2  0   1  0  0  0  2  3/4    12:22   0:00   0:32 
Luke Schenn              0  1  1   2  2   0  0  3  1  2  0/0    20:05   2:42   0:56 
Max Pacioretty           0  0  0  -4  0   1  0  1  0  0  1/2    22:03   3:12   0:00 
Nathan Horton            1  0  1   1  0   4  0  0  0  0  0/1    17:12   2:51   0:59 
Nikita Alexeev           0  0  0   0  0   0  1  0  0  0  0/0     7:03   0:00   0:00 
Paul Ranger              0  0  0  -1  0   0  1  0  0  0  0/0    11:54   0:00   0:00 
Sam Gagner               0  1  1   1  0   3  2  0  0  1  5/11   16:40   2:51   0:27 
Sean Zimmerman           0  0  0  -2  0   1  1  4  0  1  0/0    28:00   3:34   1:09 
Simon Gagné              0  1  1   1  0   1  1  1  0  0  1/1    16:13   2:51   0:00 
Steve Sullivan           0  0  0   0  2   0  0  1  0  0  0/0     7:06   0:00   0:00 
Steven Stamkos           1  0  1  -4  0   4  3  0  5  0  17/33  22:15   3:20   0:00 

3 Stars

1 - Alexei Morozov (Phi)
2 - Jakub Voracek (Phi)
3 - Matt Smaby (Phi)

Power Play

Flyers - 1 on 2 Attempt(s) - 50,00%
Penguins - 1 on 4 Attempt(s) - 25,00%

Penalty Kill

Flyers - 3 on 4 Attempt(s) - 75,00% - Score 0 goal in Penalty Kill
Penguins - 1 on 2 Attempt(s) - 50,00% - Score 0 goal in Penalty Kill

Team Stat

Flyers - Hits : 25 - Faceoff Wins : 27 - Blocked Shots : 13 - Penalty Minutes : 8
Penguins - Hits : 14 - Faceoff Wins : 31 - Blocked Shots : 13 - Penalty Minutes : 4

Official

Referees : Leggo Mike and Peel Tim
Linesman : Mark Pare and Pierre Champoux

Game Notes

No Game Note

Finance

Level 1 -- Attendance: 6000 (100,00%) -- Ticket Income 462 000 $
Level 2 -- Attendance: 5000 (100,00%) -- Ticket Income 225 000 $
Level 3 -- Attendance: 2000 (100,00%) -- Ticket Income 56 000 $
Level 4 -- Attendance: 4000 (100,00%) -- Ticket Income 80 000 $
Luxury Box -- Attendance: 1000 (100,00%) -- Ticket Income 160 000 $
Game was played at the Igloo.
Total Attendance: 18000 (100,00%)
Total Ticket Income: 983 000 $
Other Income: 147 450 $
Total Income: 1 130 450 $

Flyers

5 vs 5 Forward 
   Center                   Left Wing                Right Wing               Time % Phy DF OF 
 1 Jeff Carter              Dany Heatley             Alexei Morozov           40     1   1  3  
 2 Kyle Wellwood            Chris Kreider            Jakub Voracek            30     1   1  3  
 3 Matthew Lombardi         Brock Nelson             Mats Zuccarello          15     0   3  2  
 4 Jeff O'Neill             Rostislav Olesz          Stefan Ruzicka           15     0   3  2  

5 vs 5 Defense 
   Defense                  Defense                                           Time % Phy DF OF 
 1 Jonathan Ericsson        Jeff Woywitka                                     40     0   3  2  
 2 Matt Smaby               Pavel Kubina                                      40     0   3  2  
 3 Nathan Paetsch           Steve McCarthy                                    15     0   5  0  
 4 Jonathan Ericsson        Jeff Woywitka                                     5      0   3  2  

PowerPlay Forward 
   Center                   Left Wing                Right Wing               Time % Phy DF OF 
 1 Jeff Carter              Dany Heatley             Alexei Morozov           50     0   0  5  
 2 Kyle Wellwood            Chris Kreider            Jakub Voracek            50     0   0  5  

PowerPlay Defense
   Defense                  Defense                                           Time % Phy DF OF 
 1 Jonathan Ericsson        Jeff Woywitka                                     60     0   2  3  
 2 Matt Smaby               Pavel Kubina                                      40     0   3  2  

Penalty Kill 4 Players Forward 
   Center                   Wing                     Time % Phy DF OF 
 1 Matthew Lombardi         Mats Zuccarello          60     0   5  0  
 2 Jeff O'Neill             Rostislav Olesz          40     0   5  0  

Penalty Kill 4 Players Defense
   Defense                  Defense                  Time % Phy DF OF 
 1 Jeff Woywitka            Jonathan Ericsson        60     0   5  0  
 2 Matt Smaby               Steve McCarthy           40     0   5  0  

Penalty Kill - 3 Players Forward 
   Forward                                           Time % Phy DF OF 
 1 Matthew Lombardi                                  60     0   5  0  
 2 Jeff O'Neill                                      40     0   5  0  

Penalty Kill - 3 Players Defense
   Defense                  Defense                  Time % Phy DF OF 
 1 Jonathan Ericsson        Jeff Woywitka            60     0   5  0  
 2 Nathan Paetsch           Steve McCarthy           40     0   5  0  

4 vs 4 Forward 
   Center                   Wing                     Time % Phy DF OF 
 1 Jeff Carter              Alexei Morozov           60     1   1  3  
 2 Kyle Wellwood            Dany Heatley             40     0   2  3  

4 vs 4 Defense
   Defense                  Defense                  Time % Phy DF OF 
 1 Jeff Woywitka            Jonathan Ericsson        60     0   3  2  
 2 Matt Smaby               Pavel Kubina             40     0   3  2  

Last Minutes Offensive
   Center                   Left Wing                Right Wing               Defense                  Defense                  
   Jeff Carter              Dany Heatley             Alexei Morozov           Jeff Woywitka            Jonathan Ericsson        

Last Minutes Defensive
   Center                   Left Wing                Right Wing               Defense                  Defense                  
   Matthew Lombardi         Dany Heatley             Alexei Morozov           Jeff Woywitka            Steve McCarthy           

Goaltenders
Starting : Cory Schneider           
Backup : Steve Mason              

Extra Forwards
Normal : Jeff Carter, Kyle Wellwood, Alexei Morozov - PP : Jeff Carter, Kyle Wellwood - PK : Matthew Lombardi
Extra Defensemen
Normal : Jonathan Ericsson, Jeff Woywitka, Matt Smaby - PP : Jonathan Ericsson - PK : Jeff Woywitka, Steve McCarthy
Penalty Shots
Jeff Carter, Dany Heatley, Kyle Wellwood, Alexei Morozov, Mats Zuccarello

Penguins

5 vs 5 Forward 
   Center                   Left Wing                Right Wing               Time % Phy DF OF 
 1 Steven Stamkos           Max Pacioretty           Bobby Ryan               40     0   2  3  
 2 Sam Gagner               Simon Gagné              Nathan Horton            30     0   2  3  
 3 Josef Vasicek            Dustin Penner            Brian McGrattan          20     0   2  3  
 4 Brayden Schenn           Steve Sullivan           Nikita Alexeev           10     0   2  3  

5 vs 5 Defense 
   Defense                  Defense                                           Time % Phy DF OF 
 1 Sean Zimmerman           Dion Phaneuf                                      45     1   2  2  
 2 Luke Schenn              Duncan Keith                                      33     1   2  2  
 3 Paul Ranger              Derek Joslin                                      22     1   2  2  
 4 Luke Schenn              Dion Phaneuf                                      0      1   2  2  

PowerPlay Forward 
   Center                   Left Wing                Right Wing               Time % Phy DF OF 
 1 Steven Stamkos           Max Pacioretty           Bobby Ryan               60     0   1  4  
 2 Sam Gagner               Simon Gagné              Nathan Horton            40     0   1  4  

PowerPlay Defense
   Defense                  Defense                                           Time % Phy DF OF 
 1 Sean Zimmerman           Dion Phaneuf                                      60     0   2  3  
 2 Luke Schenn              Duncan Keith                                      40     0   2  3  

Penalty Kill 4 Players Forward 
   Center                   Wing                     Time % Phy DF OF 
 1 Brayden Schenn           Nathan Horton            60     0   4  1  
 2 Josef Vasicek            Bobby Ryan               40     0   4  1  

Penalty Kill 4 Players Defense
   Defense                  Defense                  Time % Phy DF OF 
 1 Sean Zimmerman           Dion Phaneuf             60     1   4  0  
 2 Luke Schenn              Duncan Keith             40     1   4  0  

Penalty Kill - 3 Players Forward 
   Forward                                           Time % Phy DF OF 
 1 Nathan Horton                                     60     0   4  1  
 2 Bobby Ryan                                        40     0   4  1  

Penalty Kill - 3 Players Defense
   Defense                  Defense                  Time % Phy DF OF 
 1 Sean Zimmerman           Dion Phaneuf             60     1   4  0  
 2 Luke Schenn              Duncan Keith             40     1   4  0  

4 vs 4 Forward 
   Center                   Wing                     Time % Phy DF OF 
 1 Steven Stamkos           Bobby Ryan               60     0   2  3  
 2 Sam Gagner               Nathan Horton            40     0   2  3  

4 vs 4 Defense
   Defense                  Defense                  Time % Phy DF OF 
 1 Sean Zimmerman           Dion Phaneuf             60     1   2  2  
 2 Luke Schenn              Duncan Keith             40     1   2  2  

Last Minutes Offensive
   Center                   Left Wing                Right Wing               Defense                  Defense                  
   Steven Stamkos           Max Pacioretty           Bobby Ryan               Sean Zimmerman           Dion Phaneuf             

Last Minutes Defensive
   Center                   Left Wing                Right Wing               Defense                  Defense                  
   Brayden Schenn           Simon Gagné              Nathan Horton            Sean Zimmerman           Dion Phaneuf             

Goaltenders
Starting : Brian Elliott            
Backup : Josh Tordjman            

Extra Forwards
Normal : Steven Stamkos, Sam Gagner, Josef Vasicek - PP : Steven Stamkos, Sam Gagner - PK : Nathan Horton
Extra Defensemen
Normal : Dion Phaneuf, Duncan Keith, Paul Ranger - PP : Paul Ranger - PK : Sean Zimmerman, Luke Schenn
Penalty Shots
Max Pacioretty, Bobby Ryan, Nathan Horton, Steven Stamkos, Simon Gagné

% Time on Ice - Flyers

Lines # - Real PCT - Wanted PCT - Time Play
Normal Forward
1 - 38% - 40% - 19:07
2 - 29% - 30% - 14:32
3 - 17% - 15% - 8:24
4 - 17% - 15% - 8:22
Normal Defense
1 - 42% - 40% - 20:56
2 - 40% - 40% - 19:56
3 - 18% - 15% - 9:19
4 - 0% - 5% - 0:14
PP Forward
1 - 52% - 50% - 1:05
2 - 48% - 50% - 1:00
PP Defense
1 - 66% - 60% - 1:22
2 - 34% - 40% - 0:43
PK Forward
1 - 71% - 60% - 4:26
2 - 29% - 40% - 1:50
PK Defense
1 - 69% - 60% - 4:21
2 - 31% - 40% - 1:55
PK3 Forward
1 - 0% - 60%
2 - 0% - 40%
PK3 Defense
1 - 0% - 60%
2 - 0% - 40%
44 Forward
1 - 0% - 60%
2 - 0% - 40%
44 Defense
1 - 0% - 60%
2 - 0% - 40%
Last Minute Offensive  - 0:00
Last Minute Defensive  - 1:14
Total
Forward - 60:00
Defense - 60:00

% Time on Ice - Penguins

Lines # - Real PCT - Wanted PCT - Time Play
Normal Forward
1 - 36% - 40% - 17:57
2 - 27% - 30% - 13:40
3 - 23% - 20% - 11:46
4 - 14% - 10% - 7:03
Normal Defense
1 - 44% - 45% - 22:04
2 - 33% - 33% - 16:28
3 - 24% - 22% - 11:54
4 - 0% - 0% - 0:00
PP Forward
1 - 54% - 60% - 3:24
2 - 46% - 40% - 2:52
PP Defense
1 - 57% - 60% - 3:34
2 - 43% - 40% - 2:42
PK Forward
1 - 74% - 60% - 1:33
2 - 26% - 40% - 0:32
PK Defense
1 - 55% - 60% - 1:09
2 - 45% - 40% - 0:56
PK3 Forward
1 - 0% - 60%
2 - 0% - 40%
PK3 Defense
1 - 0% - 60%
2 - 0% - 40%
44 Forward
1 - 0% - 60%
2 - 0% - 40%
44 Defense
1 - 0% - 60%
2 - 0% - 40%
Last Minute Offensive  - 1:13
Last Minute Defensive  - 0:00
Total
Forward - 60:00
Defense - 60:00

Play by Play

1st period


0:01 of 1st period - Jeff Carter wins face-off versus Steven Stamkos in neutral zone.
0:18 of 1st period - Bobby Ryan is hit by Dany Heatley.
0:48 of 1st period - Off-side.
0:49 of 1st period - Brian McGrattan wins face-off versus Brock Nelson in neutral zone.
1:26 of 1st period - Snap shot by Steve Sullivan.
1:26 of 1st period - Shot Misses the Net.
2:23 of 1st period - Snap shot by Dustin Penner.
2:23 of 1st period - Shot Hit the Post.
2:58 of 1st period - Icing by Nathan Paetsch.
2:59 of 1st period - Steven Stamkos wins face-off versus Jeff O'Neill in Flyers zone.
3:10 of 1st period - Snap shot by Stefan Ruzicka.
3:10 of 1st period - Stopped by Brian Elliott with a rebound.
3:44 of 1st period - Brayden Schenn is hit by Kyle Wellwood and loses puck.
3:51 of 1st period - Duncan Keith is hit by Chris Kreider.
4:07 of 1st period - Snap shot by Matthew Lombardi.
4:07 of 1st period - Shot Blocked by Duncan Keith.
4:19 of 1st period - Wrist shot by Stefan Ruzicka.
4:19 of 1st period - Shot Misses the Net.
6:11 of 1st period - Wrist shot by Dany Heatley.
6:11 of 1st period - Stopped by Brian Elliott without a rebound.
6:12 of 1st period - Jeff Carter wins face-off versus Steven Stamkos in Penguins zone.
6:17 of 1st period - Slapshot by Dany Heatley.
6:17 of 1st period - Stopped by Brian Elliott without a rebound.
6:18 of 1st period - Steven Stamkos wins face-off versus Jeff Carter in Penguins zone.
6:53 of 1st period - Snap shot by Nathan Horton.
6:53 of 1st period - Shot Misses the Net.
6:55 of 1st period - Snap shot by Nathan Horton.
6:55 of 1st period - Goal by Nathan Horton - Flyers : 0 - Penguins : 1.
6:56 of 1st period - Steven Stamkos wins face-off versus Jeff Carter in neutral zone.
7:05 of 1st period - Wrist shot by Steven Stamkos.
7:05 of 1st period - Stopped by Cory Schneider with a rebound.
7:07 of 1st period - Snap shot by Max Pacioretty.
7:07 of 1st period - Stopped by Cory Schneider without a rebound.
7:08 of 1st period - Steven Stamkos wins face-off versus Jeff Carter in Flyers zone.
7:13 of 1st period - Snap shot by Bobby Ryan.
7:13 of 1st period - Stopped by Cory Schneider with a rebound.
7:15 of 1st period - Wrist shot by Sean Zimmerman.
7:15 of 1st period - Deflect By Steven Stamkos.
7:15 of 1st period - Shot Misses the Net.
7:15 of 1st period - Puck is out of play.
7:16 of 1st period - Steven Stamkos wins face-off versus Jeff Carter in Flyers zone.
7:45 of 1st period - Dion Phaneuf is hit by Dany Heatley.
7:59 of 1st period - Snap shot by Jeff Carter.
7:59 of 1st period - Shot Blocked by Max Pacioretty.
8:49 of 1st period - Snap shot by Jeff Carter.
8:49 of 1st period - Shot Misses the Net.
8:57 of 1st period - Pavel Kubina is hit by Dion Phaneuf and loses puck.
9:08 of 1st period - Wrist shot by Alexei Morozov.
9:08 of 1st period - Goal by Alexei Morozov - Flyers : 1 - Penguins : 1.
9:09 of 1st period - Kyle Wellwood wins face-off versus Nathan Horton in neutral zone.
9:59 of 1st period - Minor Penalty to Jonathan Ericsson for Holding.
10:00 of 1st period - Sam Gagner wins face-off versus Matthew Lombardi in Flyers zone.
10:03 of 1st period - Snap shot by Sam Gagner.
10:03 of 1st period - Shot Misses the Net.
10:05 of 1st period - Snap shot by Sam Gagner.
10:05 of 1st period - Stopped by Cory Schneider without a rebound.
10:06 of 1st period - Matthew Lombardi wins face-off versus Sam Gagner in Flyers zone.
10:06 of 1st period - Matthew Lombardi is hit by Simon Gagné.
11:00 of 1st period - Matt Smaby is hit by Sam Gagner and loses puck.
11:22 of 1st period - Duncan Keith is hit by Chris Kreider and loses puck.
11:59 of 1st period - Penalty to Jonathan Ericsson is over, Jonathan Ericsson is back on ice.
12:18 of 1st period - Dany Heatley is hit by Nikita Alexeev and loses puck.
12:56 of 1st period - Derek Joslin is hit by Kyle Wellwood and loses puck.
13:13 of 1st period - Wrist shot by Matthew Lombardi.
13:13 of 1st period - Shot Misses the Net.
13:31 of 1st period - Sam Gagner is hit by Jeff Carter.
13:32 of 1st period - Icing by Sam Gagner.
13:33 of 1st period - Sam Gagner wins face-off versus Jeff O'Neill in Penguins zone.
13:38 of 1st period - Dion Phaneuf is hit by Jeff O'Neill and loses puck.
13:51 of 1st period - Simon Gagné is hit by Jeff O'Neill and loses puck.
14:08 of 1st period - Wrist shot by Steven Stamkos.
14:08 of 1st period - Shot Blocked by Chris Kreider.
14:10 of 1st period - Wrist shot by Max Pacioretty.
14:10 of 1st period - Shot Misses the Net.
14:12 of 1st period - Slapshot by Sean Zimmerman.
14:12 of 1st period - Shot Blocked by Nathan Paetsch.
14:14 of 1st period - Slapshot by Dion Phaneuf.
14:14 of 1st period - Shot Blocked by Jakub Voracek.
14:16 of 1st period - Wrist shot by Bobby Ryan.
14:16 of 1st period - Stopped by Cory Schneider with a rebound.
14:28 of 1st period - Wrist shot by Josef Vasicek.
14:28 of 1st period - Shot Misses the Net.
14:30 of 1st period - Slapshot by Duncan Keith.
14:30 of 1st period - Shot Blocked by Nathan Paetsch.
14:32 of 1st period - Slapshot by Duncan Keith.
14:32 of 1st period - Stopped by Cory Schneider without a rebound.
14:33 of 1st period - Josef Vasicek wins face-off versus Jeff Carter in Flyers zone.
14:42 of 1st period - Snap shot by Alexei Morozov.
14:42 of 1st period - Shot Misses the Net.
14:44 of 1st period - Slapshot by Jeff Woywitka.
14:44 of 1st period - Shot Blocked by Duncan Keith.
14:46 of 1st period - Snap shot by Dany Heatley.
14:46 of 1st period - Shot Blocked by Luke Schenn.
14:48 of 1st period - Slapshot by Dany Heatley.
14:48 of 1st period - Stopped by Brian Elliott with a rebound.
14:50 of 1st period - Slapshot by Jeff Woywitka.
14:50 of 1st period - Shot Blocked by Luke Schenn.
15:25 of 1st period - Duncan Keith is hit by Matt Smaby and loses puck.
16:25 of 1st period - Minor Penalty to Chris Kreider for High sticking.
16:26 of 1st period - Steven Stamkos wins face-off versus Matthew Lombardi in Flyers zone.
16:30 of 1st period - Snap shot by Max Pacioretty.
16:30 of 1st period - Deflect By Steven Stamkos.
16:30 of 1st period - Stopped by Cory Schneider without a rebound.
16:31 of 1st period - Steven Stamkos wins face-off versus Mats Zuccarello in Flyers zone.
16:42 of 1st period - Wrist shot by Steven Stamkos.
16:42 of 1st period - Stopped by Cory Schneider with a rebound.
16:44 of 1st period - Wrist shot by Steven Stamkos.
16:44 of 1st period - Goal by Steven Stamkos - Flyers : 1 - Penguins : 2.
16:45 of 1st period - Kyle Wellwood wins face-off versus Max Pacioretty in neutral zone.
17:19 of 1st period - Snap shot by Dustin Penner.
17:19 of 1st period - Shot Misses the Net.
17:21 of 1st period - Slapshot by Dion Phaneuf.
17:21 of 1st period - Deflect By Matt Smaby.
17:21 of 1st period - Stopped by Cory Schneider with a rebound.
17:57 of 1st period - Icing by Derek Joslin.
17:58 of 1st period - Matthew Lombardi wins face-off versus Steven Stamkos in Penguins zone.
18:23 of 1st period - Wrist shot by Simon Gagné.
18:23 of 1st period - Stopped by Cory Schneider without a rebound.
18:24 of 1st period - Sam Gagner wins face-off versus Jeff Carter in Flyers zone.
18:49 of 1st period - Steven Stamkos is hit by Jonathan Ericsson and loses puck.
19:08 of 1st period - Brian McGrattan is hit by Jakub Voracek and loses puck.
19:17 of 1st period - Slapshot by Luke Schenn.
19:17 of 1st period - Shot Blocked by Jakub Voracek.
19:35 of 1st period - Wrist shot by Matthew Lombardi.
19:35 of 1st period - Stopped by Brian Elliott with a rebound.
19:37 of 1st period - Snap shot by Mats Zuccarello.
19:37 of 1st period - Shot Blocked by Luke Schenn.
Goals for this period are 1 for Flyers vs 2 for Penguins.
Shots for this period are 6 for Flyers vs 12 for Penguins.

2nd period


0:01 of 2nd period - Steven Stamkos wins face-off versus Kyle Wellwood in neutral zone.
0:12 of 2nd period - Snap shot by Bobby Ryan.
0:12 of 2nd period - Stopped by Cory Schneider with a rebound.
0:14 of 2nd period - Slapshot by Dion Phaneuf.
0:14 of 2nd period - Stopped by Cory Schneider with a rebound.
0:57 of 2nd period - Off-side.
0:58 of 2nd period - Steven Stamkos wins face-off versus Kyle Wellwood in neutral zone.
1:13 of 2nd period - Slapshot by Steven Stamkos.
1:13 of 2nd period - Shot Misses the Net.
1:15 of 2nd period - Slapshot by Duncan Keith.
1:15 of 2nd period - Deflect By Chris Kreider.
1:15 of 2nd period - Stopped by Cory Schneider without a rebound.
1:16 of 2nd period - Sam Gagner wins face-off versus Alexei Morozov in Flyers zone.
1:23 of 2nd period - Snap shot by Sam Gagner.
1:23 of 2nd period - Shot Misses the Net.
1:26 of 2nd period - Icing by Jeff Woywitka.
1:27 of 2nd period - Jeff Carter wins face-off versus Steven Stamkos in Flyers zone.
1:48 of 2nd period - Wrist shot by Jeff Carter.
1:48 of 2nd period - Stopped by Brian Elliott with a rebound.
1:50 of 2nd period - Wrist shot by Alexei Morozov.
1:50 of 2nd period - Deflect By Dany Heatley.
1:50 of 2nd period - Shot Misses the Net.
1:50 of 2nd period - Puck is out of play.
1:51 of 2nd period - Kyle Wellwood wins face-off versus Sam Gagner in Penguins zone.
2:41 of 2nd period - Snap shot by Dany Heatley.
2:41 of 2nd period - Stopped by Brian Elliott with a rebound.
2:49 of 2nd period - Alexei Morozov is hit by Steven Stamkos.
3:38 of 2nd period - Minor Penalty to Chris Kreider for Roughing.
3:39 of 2nd period - Steven Stamkos wins face-off versus Matthew Lombardi in Flyers zone.
3:56 of 2nd period - Matthew Lombardi is hit by Steven Stamkos and loses puck.
5:38 of 2nd period - Penalty to Chris Kreider is over, Chris Kreider is back on ice.
5:44 of 2nd period - Kyle Wellwood is hit by Brian McGrattan and loses puck.
6:07 of 2nd period - Derek Joslin is hit by Pavel Kubina and loses puck.
6:32 of 2nd period - Dustin Penner is hit by Matt Smaby and loses puck.
6:52 of 2nd period - Snap shot by Josef Vasicek.
6:52 of 2nd period - Shot Misses the Net.
6:54 of 2nd period - Slapshot by Josef Vasicek.
6:54 of 2nd period - Shot Blocked by Steve McCarthy.
7:24 of 2nd period - Icing by Jonathan Ericsson.
7:25 of 2nd period - Steven Stamkos wins face-off versus Kyle Wellwood in Flyers zone.
7:28 of 2nd period - Snap shot by Steven Stamkos.
7:28 of 2nd period - Shot Blocked by Jeff Woywitka.
7:32 of 2nd period - Wrist shot by Bobby Ryan.
7:32 of 2nd period - Shot Blocked by Jonathan Ericsson.
8:20 of 2nd period - Wrist shot by Jeff Carter.
8:20 of 2nd period - Stopped by Brian Elliott without a rebound.
8:21 of 2nd period - Steven Stamkos wins face-off versus Jeff Carter in Penguins zone.
8:21 of 2nd period - Steven Stamkos is hit by Pavel Kubina.
8:31 of 2nd period - Snap shot by Steven Stamkos.
8:31 of 2nd period - Shot Blocked by Jeff Carter.
8:41 of 2nd period - Wrist shot by Matt Smaby.
8:41 of 2nd period - Stopped by Brian Elliott without a rebound.
8:42 of 2nd period - Matthew Lombardi wins face-off versus Sam Gagner in Penguins zone.
9:07 of 2nd period - Bobby Ryan is hit by Nathan Paetsch and loses puck.
9:32 of 2nd period - Slapshot by Sean Zimmerman.
9:32 of 2nd period - Shot Blocked by Matt Smaby.
10:00 of 2nd period - Slapshot by Duncan Keith.
10:00 of 2nd period - Shot Blocked by Matt Smaby.
10:42 of 2nd period - Off-side.
10:43 of 2nd period - Matthew Lombardi wins face-off versus Sam Gagner in neutral zone.
10:52 of 2nd period - Snap shot by Matthew Lombardi.
10:52 of 2nd period - Shot Misses the Net.
10:54 of 2nd period - Slapshot by Steve McCarthy.
10:54 of 2nd period - Stopped by Brian Elliott without a rebound.
10:55 of 2nd period - Jeff Carter wins face-off versus Bobby Ryan in Penguins zone.
11:10 of 2nd period - Dion Phaneuf is hit by Alexei Morozov.
11:22 of 2nd period - Alexei Morozov is hit by Dion Phaneuf and loses puck.
11:49 of 2nd period - Simon Gagné is hit by Pavel Kubina.
12:10 of 2nd period - Minor Penalty to Steve Sullivan for Hooking.
12:11 of 2nd period - Kyle Wellwood wins face-off versus Brayden Schenn in Penguins zone.
14:10 of 2nd period - Penalty to Steve Sullivan is over, Steve Sullivan is back on ice.
14:13 of 2nd period - Slapshot by Mats Zuccarello.
14:13 of 2nd period - Deflect By Matthew Lombardi.
14:13 of 2nd period - Shot Misses the Net.
14:13 of 2nd period - Puck is out of play.
14:14 of 2nd period - Matthew Lombardi wins face-off versus Steven Stamkos in Penguins zone.
14:15 of 2nd period - Snap shot by Mats Zuccarello.
14:15 of 2nd period - Goal by Mats Zuccarello - Flyers : 2 - Penguins : 2.
14:16 of 2nd period - Bobby Ryan wins face-off versus Jeff Carter in neutral zone.
14:51 of 2nd period - Wrist shot by Steven Stamkos.
14:51 of 2nd period - Shot Misses the Net.
14:53 of 2nd period - Slapshot by Dion Phaneuf.
14:53 of 2nd period - Shot Blocked by Jonathan Ericsson.
14:55 of 2nd period - Slapshot by Dion Phaneuf.
14:55 of 2nd period - Shot Misses the Net.
14:57 of 2nd period - Backhand shot by Dion Phaneuf.
14:57 of 2nd period - Shot Misses the Net.
14:59 of 2nd period - Slapshot by Sean Zimmerman.
14:59 of 2nd period - Shot Misses the Net.
15:01 of 2nd period - Wrist shot by Bobby Ryan.
15:01 of 2nd period - Stopped by Cory Schneider with a rebound.
15:13 of 2nd period - Snap shot by Bobby Ryan.
15:13 of 2nd period - Stopped by Cory Schneider with a rebound.
15:15 of 2nd period - Snap shot by Bobby Ryan.
15:15 of 2nd period - Stopped by Cory Schneider without a rebound.
15:16 of 2nd period - Simon Gagné wins face-off versus Jeff Carter in Flyers zone.
15:19 of 2nd period - Snap shot by Nathan Horton.
15:19 of 2nd period - Stopped by Cory Schneider with a rebound.
15:26 of 2nd period - Off-side.
15:27 of 2nd period - Jeff Carter wins face-off versus Sam Gagner in neutral zone.
15:56 of 2nd period - Minor Penalty to Luke Schenn for Tripping.
15:57 of 2nd period - Brayden Schenn wins face-off versus Jeff Carter in Penguins zone.
16:02 of 2nd period - Snap shot by Alexei Morozov.
16:02 of 2nd period - Deflect By Dion Phaneuf.
16:02 of 2nd period - Goal by Alexei Morozov - Flyers : 3 - Penguins : 2.
16:03 of 2nd period - Dany Heatley wins face-off versus Steven Stamkos in neutral zone.
16:06 of 2nd period - Snap shot by Dany Heatley.
16:06 of 2nd period - Deflect By Jeff Carter.
16:06 of 2nd period - Shot Blocked by Sean Zimmerman.
16:06 of 2nd period - Puck is out of play.
16:07 of 2nd period - Jeff Carter wins face-off versus Steven Stamkos in Penguins zone.
16:10 of 2nd period - Snap shot by Dany Heatley.
16:10 of 2nd period - Shot Misses the Net.
16:46 of 2nd period - Snap shot by Jeff Carter.
16:46 of 2nd period - Stopped by Brian Elliott without a rebound.
16:47 of 2nd period - Max Pacioretty wins face-off versus Kyle Wellwood in Penguins zone.
17:39 of 2nd period - Jeff O'Neill is hit by Brian McGrattan and loses puck.
17:46 of 2nd period - Slapshot by Jeff Woywitka.
17:46 of 2nd period - Deflect By Stefan Ruzicka.
17:46 of 2nd period - Shot Misses the Net.
17:46 of 2nd period - Puck is out of play.
17:47 of 2nd period - Steven Stamkos wins face-off versus Jeff Carter in Penguins zone.
18:18 of 2nd period - Kyle Wellwood is hit by Sam Gagner and loses puck.
18:23 of 2nd period - Snap shot by Nathan Horton.
18:23 of 2nd period - Stopped by Cory Schneider with a rebound.
18:35 of 2nd period - Wrist shot by Josef Vasicek.
18:35 of 2nd period - Goal by Josef Vasicek - Flyers : 3 - Penguins : 3.
18:36 of 2nd period - Jeff Carter wins face-off versus Steven Stamkos in neutral zone.
19:31 of 2nd period - Snap shot by Dustin Penner.
19:31 of 2nd period - Shot Misses the Net.
19:33 of 2nd period - Wrist shot by Dustin Penner.
19:33 of 2nd period - Goal by Dustin Penner - Flyers : 3 - Penguins : 4.
19:34 of 2nd period - Steven Stamkos wins face-off versus Dany Heatley in neutral zone.
Goals for this period are 2 for Flyers vs 2 for Penguins.
Shots for this period are 8 for Flyers vs 10 for Penguins.

3rd period


0:01 of 3rd period - Jeff Carter wins face-off versus Steven Stamkos in neutral zone.
0:04 of 3rd period - Snap shot by Alexei Morozov.
0:04 of 3rd period - Shot Misses the Net.
0:14 of 3rd period - Snap shot by Steven Stamkos.
0:14 of 3rd period - Deflect By Bobby Ryan.
0:14 of 3rd period - Stopped by Cory Schneider with a rebound.
1:11 of 3rd period - Brayden Schenn is hit by Jeff O'Neill and loses puck.
1:53 of 3rd period - Slapshot by Jonathan Ericsson.
1:53 of 3rd period - Deflect By Bobby Ryan.
1:53 of 3rd period - Stopped by Brian Elliott with a rebound.
1:55 of 3rd period - Slapshot by Jonathan Ericsson.
1:55 of 3rd period - Shot Blocked by Sean Zimmerman.
1:57 of 3rd period - Backhand shot by Jakub Voracek.
1:57 of 3rd period - Stopped by Brian Elliott with a rebound.
1:59 of 3rd period - Slapshot by Jonathan Ericsson.
1:59 of 3rd period - Deflect By Chris Kreider.
1:59 of 3rd period - Stopped by Brian Elliott without a rebound.
2:00 of 3rd period - Josef Vasicek wins face-off versus Jeff Carter in Penguins zone.
2:35 of 3rd period - Off-side.
2:36 of 3rd period - Jeff Carter wins face-off versus Steven Stamkos in neutral zone.
2:51 of 3rd period - Wrist shot by Dany Heatley.
2:51 of 3rd period - Stopped by Brian Elliott without a rebound.
2:52 of 3rd period - Kyle Wellwood wins face-off versus Sam Gagner in Penguins zone.
2:55 of 3rd period - Snap shot by Chris Kreider.
2:55 of 3rd period - Stopped by Brian Elliott with a rebound.
3:05 of 3rd period - Snap shot by Sam Gagner.
3:05 of 3rd period - Stopped by Cory Schneider without a rebound.
3:06 of 3rd period - Jeff Carter wins face-off versus Steven Stamkos in Flyers zone.
4:19 of 3rd period - Wrist shot by Stefan Ruzicka.
4:19 of 3rd period - Stopped by Brian Elliott with a rebound.
4:31 of 3rd period - Max Pacioretty is hit by Jonathan Ericsson.
4:59 of 3rd period - Kyle Wellwood is hit by Paul Ranger and loses puck.
5:10 of 3rd period - Minor Penalty to Chris Kreider for Holding.
5:11 of 3rd period - Matthew Lombardi wins face-off versus Steven Stamkos in Flyers zone.
5:11 of 3rd period - Matthew Lombardi is hit by Steven Stamkos.
5:43 of 3rd period - Slapshot by Dion Phaneuf.
5:43 of 3rd period - Deflect By Rostislav Olesz.
5:43 of 3rd period - Stopped by Cory Schneider with a rebound.
7:10 of 3rd period - Penalty to Chris Kreider is over, Chris Kreider is back on ice.
7:55 of 3rd period - Icing by Dustin Penner.
7:56 of 3rd period - Jeff O'Neill wins face-off versus Josef Vasicek in Penguins zone.
8:09 of 3rd period - Snap shot by Stefan Ruzicka.
8:09 of 3rd period - Stopped by Brian Elliott without a rebound.
8:10 of 3rd period - Steven Stamkos wins face-off versus Jeff Carter in Penguins zone.
8:15 of 3rd period - Steven Stamkos is hit by Pavel Kubina and loses puck.
8:43 of 3rd period - Wrist shot by Kyle Wellwood.
8:43 of 3rd period - Shot Misses the Net.
9:19 of 3rd period - Slapshot by Duncan Keith.
9:19 of 3rd period - Shot Misses the Net.
9:23 of 3rd period - Slapshot by Steven Stamkos.
9:23 of 3rd period - Shot Misses the Net.
9:35 of 3rd period - Wrist shot by Jeff Carter.
9:35 of 3rd period - Shot Blocked by Steve Sullivan.
10:00 of 3rd period - Wrist shot by Jakub Voracek.
10:00 of 3rd period - Shot Blocked by Simon Gagné.
10:02 of 3rd period - Snap shot by Chris Kreider.
10:02 of 3rd period - Shot Misses the Net.
10:04 of 3rd period - Snap shot by Kyle Wellwood.
10:04 of 3rd period - Shot Misses the Net.
10:06 of 3rd period - Slapshot by Jakub Voracek.
10:06 of 3rd period - Stopped by Brian Elliott with a rebound.
10:59 of 3rd period - Nikita Alexeev is hit by Jeff Woywitka and loses puck.
11:05 of 3rd period - Off-side.
11:06 of 3rd period - Sam Gagner wins face-off versus Jeff Carter in neutral zone.
11:12 of 3rd period - Slapshot by Luke Schenn.
11:12 of 3rd period - Shot Blocked by Pavel Kubina.
11:20 of 3rd period - Slapshot by Nathan Horton.
11:20 of 3rd period - Shot Misses the Net.
11:22 of 3rd period - Snap shot by Nathan Horton.
11:22 of 3rd period - Deflect By Sam Gagner.
11:22 of 3rd period - Shot Misses the Net.
11:22 of 3rd period - Puck is out of play.
11:23 of 3rd period - Kyle Wellwood wins face-off versus Steven Stamkos in Flyers zone.
11:30 of 3rd period - Snap shot by Matt Smaby.
11:30 of 3rd period - Shot Blocked by Sean Zimmerman.
11:32 of 3rd period - Snap shot by Jakub Voracek.
11:32 of 3rd period - Goal by Jakub Voracek - Flyers : 4 - Penguins : 4.
11:33 of 3rd period - Jeff Carter wins face-off versus Steven Stamkos in neutral zone.
12:49 of 3rd period - Nikita Alexeev is hit by Jeff O'Neill and loses puck.
13:52 of 3rd period - Slapshot by Josef Vasicek.
13:52 of 3rd period - Shot Misses the Net.
13:54 of 3rd period - Slapshot by Sean Zimmerman.
13:54 of 3rd period - Stopped by Cory Schneider without a rebound.
13:55 of 3rd period - Jeff Carter wins face-off versus Steven Stamkos in Flyers zone.
14:22 of 3rd period - Sam Gagner is hit by Chris Kreider and loses puck.
15:07 of 3rd period - Wrist shot by Brayden Schenn.
15:07 of 3rd period - Stopped by Cory Schneider without a rebound.
15:08 of 3rd period - Steven Stamkos wins face-off versus Jeff O'Neill in Flyers zone.
15:35 of 3rd period - Dion Phaneuf is hit by Pavel Kubina.
16:00 of 3rd period - Slapshot by Sam Gagner.
16:00 of 3rd period - Stopped by Cory Schneider with a rebound.
16:02 of 3rd period - Snap shot by Sam Gagner.
16:02 of 3rd period - Shot Misses the Net.
16:12 of 3rd period - Snap shot by Alexei Morozov.
16:12 of 3rd period - Shot Misses the Net.
16:14 of 3rd period - Snap shot by Kyle Wellwood.
16:14 of 3rd period - Shot Misses the Net.
16:16 of 3rd period - Snap shot by Chris Kreider.
16:16 of 3rd period - Deflect By Jakub Voracek.
16:16 of 3rd period - Stopped by Brian Elliott with a rebound.
16:18 of 3rd period - Snap shot by Kyle Wellwood.
16:18 of 3rd period - Stopped by Brian Elliott without a rebound.
16:19 of 3rd period - Bobby Ryan wins face-off versus Jakub Voracek in Penguins zone.
17:02 of 3rd period - Snap shot by Jakub Voracek.
17:02 of 3rd period - Shot Blocked by Dion Phaneuf.
17:04 of 3rd period - Slapshot by Nathan Paetsch.
17:04 of 3rd period - Goal by Nathan Paetsch - Flyers : 5 - Penguins : 4.
17:05 of 3rd period - Josef Vasicek wins face-off versus Matthew Lombardi in neutral zone.
17:14 of 3rd period - Snap shot by Brian McGrattan.
17:14 of 3rd period - Stopped by Cory Schneider with a rebound.
17:37 of 3rd period - Snap shot by Nathan Horton.
17:37 of 3rd period - Stopped by Cory Schneider with a rebound.
18:40 of 3rd period - Wrist shot by Mats Zuccarello.
18:40 of 3rd period - Shot Blocked by Sean Zimmerman.
18:56 of 3rd period - Penguins, Brian Elliott is pulled from the net.
18:56 of 3rd period - Wrist shot by Bobby Ryan.
18:56 of 3rd period - Stopped by Cory Schneider with a rebound.
18:58 of 3rd period - Wrist shot by Bobby Ryan.
18:58 of 3rd period - Deflect By Steven Stamkos.
18:58 of 3rd period - Shot Misses the Net.
18:58 of 3rd period - Puck is out of play.
18:59 of 3rd period - Bryan Murray call a timeout for Penguins.
18:59 of 3rd period - Steven Stamkos wins face-off versus Matthew Lombardi in Flyers zone.
19:14 of 3rd period - Snap shot by Bobby Ryan.
19:14 of 3rd period - Shot Misses the Net.
19:16 of 3rd period - Wrist shot by Bobby Ryan.
19:16 of 3rd period - Stopped by Cory Schneider without a rebound.
19:17 of 3rd period - Matthew Lombardi wins face-off versus Steven Stamkos in Flyers zone.
19:17 of 3rd period - Matthew Lombardi is hit by Sean Zimmerman.
19:53 of 3rd period - Dany Heatley is hit by Bobby Ryan and loses puck.
Goals for this period are 2 for Flyers vs 0 for Penguins.
Shots for this period are 12 for Flyers vs 10 for Penguins.